 Dungeon Crawl Stone Soup version 0.30-a0-586-g23e55c9e0a (webtiles) character file.

Game seed: 4193277441700481122

406 PyroL the Changer (level 6, -1/35 (38) HPs)
             Began as an Octopode Transmuter on Jan 3, 2023.
             Slain by a wight
             ... wielding a +0 short sword
              (2 damage)
             ... on level 4 of the Dungeon.
             The game lasted 00:05:46 (3729 turns).

PyroL the Changer (Octopode Transmuter)             Turns: 3729, Time: 00:05:47

HP:   -1/35 (38)    AC:  1    Str:  9    XL:     6   Next: 87%
MP:   9/9           EV: 13    Int: 17    God:
Gold: 158           SH:  0    Dex: 13    Spells: 3/9 levels left

rFire   . . .      SeeInvis .    d - +0 trident (protect)
rCold   . . .      Faith    .    (no shield)
rNeg    . . .      Spirit   .    (helmet currently unavailable)
rPois   +          Reflect  .    (no amulet)
rElec   .          Harm     .    e - ring of poison resistance
rCorr   +          Rampage  .    g - ring of resist corrosion
Will    .....                    (no ring)
Stlth   ++                       (no ring)
HPRegen 0.25/turn                (no ring)
MPRegen 0.11/turn                (no ring)
                                 (no ring)
                                 (no ring)

@: appendages, drained
A: tentacle spike 3, almost no armour, amphibious, 8 rings, camouflage 1,
gelatinous body 1, (nimble swimmer 1), tentacles
a: End Transformation


You were on level 4 of the Dungeon.
One of your tentacles had grown a beastly spike.
You visited 1 branch of the dungeon, and saw 4 of its levels.

You collected 158 gold pieces.

Inventory:

Hand Weapons
 b - a +7 dagger
 d - a +0 trident of protection (weapon)
Missiles
 c - 15 poisoned darts
 l - 2 throwing nets
Armour
 h - a +0 buckler
 s - a +1 hat (melded)
Jewellery
 e - a ring of poison resistance (left tentacle)
 g - a ring of resist corrosion (right tentacle)
 n - a ring of flight
Wands
 p - a wand of acid (12)
Scrolls
 m - a scroll of teleportation {unknown}
 t - 2 scrolls of amnesia {unknown}
 v - 2 scrolls of brand weapon {unknown}
Potions
 a - a potion of lignification
 f - 2 potions of cancellation {unknown}
 k - 2 potions of curing {unknown}
 o - 2 potions of heal wounds
 q - 2 potions of attraction {unknown}
 r - a potion of haste {unknown}
 u - a potion of degeneration {unknown}
 w - a potion of berserk rage {unknown}


   Skills:
 - Level 1.0 Fighting
 - Level 2.0 Dodging
 + Level 1.1 Shields
 + Level 3.3 Unarmed Combat
 - Level 2.0 Spellcasting
 - Level 6.2 Transmutations
 - Level 3.0 Poison Magic


You had 3 spell levels left.
You knew the following spells:

 Your Spells              Type           Power      Damage    Failure   Level
a - Beastly Appendage     Tmut           44%        N/A       1%          1
b - Wereblood             Tmut           22%        N/A       2%          2
c - Spider Form           Tmut/Pois      17%        N/A       9%          3

Your spell library contained the following spells:

 Spells                   Type           Power      Damage    Failure   Level
 Apportation              Tloc           2%         N/A       19%         1
 Necrotise                Necr           4%         1d4       19%         1
 Summon Small Mammal      Summ           4%         N/A       19%         1
 Ozocubu's Armour         Ice            1%         N/A       50%         3
 Ice Form                 Ice/Tmut       12%        N/A       47%         4
 Ozocubu's Refrigeration  Ice            0%         4d7       100%        7


Dungeon Overview and Level Annotations

Branches:
Dungeon (4/15)
 Temple: D:4-7

Altars:
Fedhas
Wu Jian


Innate Abilities, Weirdness & Mutations

One of your tentacles has grown a beastly spike.
You cannot wear most types of armour.
You are amphibious.
You can wear up to eight rings at the same time.
Your skin changes colour to match your surroundings (Stealth+).
Your rubbery body absorbs attacks. (AC +1, EV +1)
((You are camouflaged when in or above water. (Stealth+)))
You have tentacles for arms and can constrict up to eight enemies at once.


Message History

There is a stone staircase leading down here.
You climb downwards.
There is a stone staircase leading up here.
A wight is nearby!
You start waiting.
A wight is nearby!
One of your tentacles grows a vicious spike.
Your +1 hat melds into your body.
You reach to attack!
You closely miss the wight. You hit the wight.
Your weapon exudes an aura of protection.
Your grab misses the wight.
You pierce the wight.
The wight is moderately damaged.
The wight hits you with a +0 short sword.
You hit the wight but do no damage. You grab the wight.
Your tentacle spike misses the wight.
The wight is moderately damaged.
You constrict the wight, but do no damage.
The wight closely misses you. The wight misses you.
The wight closely misses you. The wight misses you.
You hit the wight but do no damage.
The wight is moderately damaged.
You constrict the wight, but do no damage.
The wight hits you with a +0 short sword.
The wight hits you from afar with a +0 halberd!
You release your grip on the wight.
The wight attacks as you move away!
The wight hits you with a +0 short sword.
The wight attacks as you move away!
The wight hits you with a +0 short sword.
* * * LOW HITPOINT WARNING * * *
The wight closely misses you. The wight attacks as you move away!
The wight barely misses you. The wight attacks as you move away!
The wight hits you with a +0 short sword!
* * * LOW HITPOINT WARNING * * *
The wight attacks as you move away!
The wight hits you with a +0 short sword!
* * * LOW HITPOINT WARNING * * *
You feel drained.
You die...

#...#..#.................
#...#..#.............####
#...#..............[.....
#........................
#.....#......#...........
#............#...........
#....#<.....##.......####
#....##..................
#.......@................
########..z................
#...####..z............#...
#..........................
#..........................
#..........................
#..........................
#..................#.......
#.........................#


You could see 2 wights.

Vanquished Creatures
  2 wights (D:3)
  3 orc priests (D:2)
  Jessica (D:3)
  2 iguanas (D:4)
  3 gnolls (D:4)
  3 adders
  2 white imps (D:4)
  A worm (D:2)
  3 dart slugs (D:2)
  5 orcs
  4 bats
  2 endoplasms
  4 giant cockroaches
  5 goblins
  4 hobgoblins
  6 kobolds
  A quokka (D:3)
  4 ball pythons
  4 frilled lizards
  8 rats
67 creatures vanquished.

Notes
Turn   | Place    | Note
-------+----------+-------------------------------------------
     0 | D:1      | PyroL the Octopode Transmuter began the quest for the Orb.
     0 | D:1      | Reached XP level 1. HP: 13/13 MP: 3/3
    90 | D:1      | Found a faded altar of an unknown god.
   159 | D:1      | Reached skill level 1 in Poison Magic
   160 | D:1      | Reached XP level 2. HP: 18/18 MP: 5/5
   526 | D:2      | Learned a level 2 spell: Wereblood
   692 | D:2      | Reached skill level 3 in Transmutations
   692 | D:2      | Reached XP level 3. HP: 20/23 MP: 4/6
   759 | D:2      | Reached XP level 4. HP: 19/28 MP: 5/7
   773 | D:2      | Reached skill level 4 in Transmutations
   775 | D:2      | Reached XP level 5. HP: 25/33 MP: 8/8
  1097 | D:2      | Learned a level 3 spell: Spider Form
  1193 | D:3      | Found an ornate altar of the Wu Jian Council.
  1281 | D:3      | Found a blossoming altar of Fedhas.
  1394 | D:3      | Noticed Jessica
  1398 | D:3      | Killed Jessica
  1695 | D:4      | Reached skill level 5 in Transmutations
  1825 | D:4      | Reached XP level 6. HP: 17/38 MP: 4/9
  2437 | D:4      | Reached skill level 6 in Transmutations
  2978 | D:3      | Reached skill level 1 in Shields
  3398 | D:4      | HP: 1/37 [wight/+0 halberd (4)]
  3729 | D:4      | HP: 1/37 [wight/+0 short sword (8)]
  3729 | D:4      | Slain by a wight

Illustrated notes

Levels and vault maps discovered:
D:1:      dpeg_arrival_solitude, layout_rooms, shapermc_ecumenical_altar_ellora,
          minmay_tall_x
D:2:      layout_rooms
D:3:      layout_basic, fedhas_altar_3, nzn_wu_jian_council_hall, uniq_jessica
D:4:      layout_basic, minmay_crossroads

Skill      XL: |  1  2  3  4  5  6 |
---------------+-------------------+-----
Poison Magic   | 1 2 3 |  3.0
Transmutations | 3 4 5 6 |  6.2
Shields        | 1 |  1.1
Fighting       | |  1.0
Dodging        | |  2.0
Unarmed Combat | |  3.3
Spellcasting   | |  2.0

Action                   |  1- 3 |  4- 6 || total
-------------------------+-------+-------++-------
Melee: Unarmed           |     7 |     2 ||     9
       Tentacles         |    12 |    22 ||    34
       Trident           |    38 |   125 ||   163
       Constrict         |    11 |    29 ||    40
       Kick              |     4 |     4 ||     8
       Punch             |       |     4 ||     4
Throw: Dart              |       |     1 ||     1
 Cast: Beastly Appendage |     6 |     2 ||     8
       Wereblood         |     1 |     6 ||     7
       Spider Form       |       |     1 ||     1
  Use: Scroll            |       |     5 ||     5
 Stab: Sleeping          |     6 |     7 ||    13
Armor: Skin              |     4 |    28 ||    32
Dodge: Dodged            |    10 |    69 ||    79

Table legend: (Time is in decaauts)
 A = Elapsed time spent in this place.
 B = Non-inter-level travel time spent in this place.
 C = Inter-level travel time spent in this place.
 D = Time resting spent in this place.
 E = Time spent auto-exploring this place.
 F = Levels seen in this place.
 G = Mean time per level.
                   A        B        C        D        E       F      G
               +--------+--------+--------+--------+--------+-----+--------+
         Total |   3777 |   3543 |    234 |   1464 |   1428 |   4 |  944.2 |
       Dungeon |   3777 |   3543 |    234 |   1464 |   1428 |   4 |  944.2 |
               +--------+--------+--------+--------+--------+-----+--------+

Top non-repeatable levels by time:
     D:3: 1854 daAuts
     D:4: 805 daAuts
     D:1: 640 daAuts
     D:2: 477 daAuts
